AoeStats
← Rashasha

Arena

509530217Analyzed
1v1 RM · 5d ago on Sep 27, 2026· 52m 37s· 2 players
Game mode
Random Map
Map size
Tiny (2 player)
Population
200
Speed
Normal
Resources
Standard
Victory
Conquest
Starting age
Dark Age
Ending age
Imperial Age
RankedLock teamsTeams togetherTeam positionsShared explorationLock speedFull tech treeHidden civsTurbo modeCheats
Victory
Defeat
🇵🇪 Japanese · Peru
521
+15
🇺🇸 Lithuanians · United States
506
-15
Rashasha
8:26 Loom
11:04 Feudal Age
21:50 Castle Age
20:26 Wheelbarrow
23:57 Fervor
28:40 Bloodlines
28:31 Husbandry
30:31 Man-at-Arms
32:44 Double-Bit Axe
33:14 Murder Holes
35:29 Forging
37:00 Fortified Wall
38:51 Stone Mining
38:52 Gold Mining
42:38 Thumb Ring
45:15 Hand Cart
47:01 Stone Shaft Mining
53:06 Imperial Age
52:48 Thumb Ring
52:45 Town Watch
LOCMAO
13:05 Loom
15:23 Feudal Age
17:48 Town Watch
17:53 Double-Bit Axe
21:15 Castle Age
21:30 Horse Collar
25:32 Town Patrol
25:52 Scale Barding Armor
28:50 Wheelbarrow
32:58 Forging
32:49 Scale Mail Armor
32:50 Padded Archer Armor
32:40 Fletching
33:53 Gold Mining
33:55 Stone Mining
34:26 Murder Holes
40:45 Hand Cart
46:02 Masonry
55:27 Imperial Age
Connection lost

Rejoining the realm…

Still unreachable

The connection could not be restored.

Session expired

The server has moved on; the page needs a fresh start.